 Dungeon Crawl Stone Soup version 0.20.1-1-g8b1a95d (webtiles) character file.

8084 Mesmaeker13 the Carver (level 11, -2/80 HPs)
             Began as a Yellow Draconian Skald on Aug 22, 2017.
             Was a Believer of Hepliaklqana.
             Slain by Snorg (22 damage)
             ... on level 10 of the Dungeon.
             The game lasted 00:38:30 (12295 turns).

Mesmaeker13 the Carver (Yellow Draconian Skald)    Turns: 12295, Time: 00:38:31

Health: -2/80      AC: 11    Str: 14    XL:     11   Next: 5%
Magic:  5/14       EV: 16    Int: 15    God:    Hepliaklqana [**....]
Gold:   392        SH:  0    Dex: 12    Spells: 3/14 levels left

rFire    + . .     SeeInvis +   O - +1 long sword (slice)
rCold    . . .     Gourm    .   (no shield)
rNeg     . . .     Faith    .   (armour unavailable)
rPois    .         Spirit   .   (helmet restricted)
rElec    .         Reflect  .   p - +1 cloak
rCorr    +         Harm     .   (no gloves)
MR       .....                  Q - +1 pair of boots
Stlth    +.........             j - amulet of regeneration
Regen    0.7/turn               n - ring of protection from fire
MPRegen  0.2/turn               I - ring of see invisible

@: about to teleport, infused
A: spit acid, acid resistance, unfitting armour, reduced essence, cold-blooded,
AC +7
a: Breathe Acid, Recall Ancestor, Ancestor Identity, Renounce Religion


You were on level 10 of the Dungeon.
You worshipped Hepliaklqana.
Hepliaklqana was pleased with you.
You were hungry.

You visited 2 branches of the dungeon, and saw 11 of its levels.
You also visited: Sewer.

You collected 455 gold pieces.
You spent 63 gold pieces at shops.

Inventory:

Hand Weapons
 o - a +0 dagger of venom
 A - a +2 short sword of electrocution
 K - a +0 scimitar
 O - a +1 long sword of slicing (weapon)
Missiles
 a - 5 curare-tipped needles
 e - 4 needles of confusion
 h - 21 tomahawks (quivered)
 z - 2 throwing nets
 R - 5 silver tomahawks
Armour
 p - a +1 cloak (worn)
 Q - a +1 pair of boots (worn)
Jewellery
 j - an amulet of regeneration (around neck)
 n - a ring of protection from fire (left hand)
 I - a ring of see invisible (right hand)
Wands
 w - a wand of confusion (31/48)
 x - a wand of enslavement (11/24)
 J - a wand of confusion (20/48)
 M - a wand of confusion (21/48)
Scrolls
 f - 3 scrolls of recharging
 l - a scroll of fog {unknown}
 q - 2 scrolls of teleportation
 t - 2 scrolls of amnesia
 u - 3 scrolls of magic mapping
 y - 4 scrolls of immolation
 E - a scroll of enchant armour
 G - 2 scrolls of fear
 N - 2 scrolls of remove curse
Potions
 g - a potion of invisibility {unknown}
 i - 2 potions of resistance
 k - 3 potions of curing
 m - a potion of brilliance {unknown}
 s - 2 potions of might {unknown}
 v - a potion of magic {unknown}
 D - 2 potions of flight {unknown}
 H - a potion of heal wounds
Books
 b - a book of Battle

   Spells                             Type                      Level
   a - Infusion                       Charms                       1
   b - Shroud of Golubria             Charms/Translocation         2
   c - Song of Slaying                Charms                       2
   d - Spectral Weapon                Hexes/Charms                 3
   e - Regeneration                   Charms/Necromancy            3
 L - a book of Frost

   Spells                             Type                      Level
   a - Freeze                         Ice                          1
   b - Throw Frost                    Conjuration/Ice              2
   c - Ozocubu's Armour               Charms/Ice                   3
   d - Throw Icicle                   Conjuration/Ice              4
   e - Summon Ice Beast               Ice/Summoning                4
Comestibles
 c - 5 bread rations
 d - 4 royal jellies
 B - 6 meat rations
 C - 3 fruits
 P - 8 chunks of flesh


   Skills:
 + Level 5.7 Fighting
 + Level 9.0 Long Blades
 + Level 8.0 Dodging
 - Level 2.0 Spellcasting
 - Level 5.1 Hexes
 + Level 8.3 Charms
 + Level 0.8 Necromancy
 - Level 4.0 Translocations


You had 3 spell levels left.
You knew the following spells:

 Your Spells              Type           Power        Failure   Level  Hunger
a - Infusion              Chrm           ####         1%          1    #......
b - Shroud of Golubria    Chrm/Tloc      ###.......   2%          2    ###....
c - Song of Slaying       Chrm           ####....     1%          2    ###....
d - Spectral Weapon       Hex/Chrm       ###.....     4%          3    ###....
e - Regeneration          Chrm/Necr      ###.......   10%         3    ###....


Dungeon Overview and Level Annotations

Branches:
Dungeon (10/15)            Temple (1/1) D:5            Lair (0/6) D:9
    Orc: D:9-12

Altars:
Ashenzari
Cheibriados
Dithmenos
Elyvilon
Fedhas
Gozag
Hepliaklqana
Kikubaaqudgha
Makhleb
Nemelex Xobeh
Okawaru
Qazlal
Ru
Sif Muna
Trog
Uskayaw
Vehumet
Xom
Yredelemnul
Zin
The Shining One

Shops:
D:6 %=[   D:7 =   D:8 (

Annotations:
D:10 Snorg


Innate Abilities, Weirdness & Mutations

You can spit globs of acid.
You are resistant to acid.
Your golden yellow scales are hard. (AC +7)
You cannot fit into any form of body armour.
You are cold-blooded and may be slowed by cold attacks.
Your life essence is reduced to manifest your ancestor. (-10% HP)


Message History

* * * LOW HITPOINT WARNING * * *
Snorg barely misses you. Snorg claws you.
* * * LOW HITPOINT WARNING * * *
Kendra casts a spell at Snorg.
The stone arrow hits Snorg.
Snorg bites Kendra.
Snorg claws Kendra! x2
You feel much better.
Kendra barely misses Snorg.
Snorg bites Kendra!!
Kendra is destroyed!
Snorg shouts!
You slash Snorg! You tail-slap Snorg.
Snorg is almost dead.
Snorg barely misses you. Snorg claws you. Snorg claws you!
* * * LOW HITPOINT WARNING * * *
Snorg closely misses you. Snorg completely misses you. Snorg claws you.
* * * LOW HITPOINT WARNING * * *
Unknown command.
As you read the scroll of teleportation, it crumbles to dust.
You feel strangely unstable. Snorg misses you.
Snorg claws you but does no damage. Snorg barely misses you. Snorg bites you!!
You die...

#T# ######## #.# #......#
#.# #. #......# #.#
####>######..###.# #"#
####..............#.###.#
....(.#.##..##..#.......#
............##.T###.#####
..# ###.##.###..@...# #.#
#.##.# ##.....# ..#
#....# ####### #.# #.####
..#####.# ........#
#.##.##.# #.##.##.#
#.##..#.#


You could see Snorg (berserk).

Vanquished Creatures
  A two-headed ogre (D:8)
  The ghost of manyhoops the Gusty, a novice DgAE (D:5)
  A merfolk (D:9)
  A troll (D:9)
  Grinder (D:5)
  A hippogriff (D:7)
  5 yaks (D:9)
  A hungry ghost (D:7)
  An acid dragon (D:8)
  A water moccasin (D:9)
  2 orc warriors (D:7)
  4 ice beasts
  2 eyes of draining (D:9)
  2 ogres
  3 centaurs (D:6)
  A big kobold (Sewer)
  5 bullfrogs
  A wyvern zombie (D:8)
  A scorpion (D:10)
  11 killer bees
  A bullfrog zombie (D:6)
  A crimson imp (D:10)
  3 jellies (D:6)
  A bullfrog skeleton (D:4)
  A centaur zombie (D:5)
  4 hounds
  6 orc priests
  8 orc wizards
  9 iguanas
  Ijyb (D:4)
  6 worker ants
  2 hound skeletons
  2 hound zombies
  A worker ant zombie (D:5)
  4 adders
  2 river rats (Sewer)
  2 oozes
  3 adder skeletons
  3 worms
  8 leopard geckos
  48 orcs
  4 bats
  2 bat zombies (D:4)
  6 giant cockroaches
  6 goblins
  4 hobgoblins
  4 jackals
  4 quokkas
  A ball python (D:1)
  5 frilled lizards
  A giant cockroach zombie (D:4)
  2 jackal skeletons
  A jackal zombie (D:4)
  9 kobolds
  A leopard gecko skeleton (D:4)
  A quokka skeleton (D:4)
  11 rats
224 creatures vanquished.

Vanquished Creatures (collateral kills)
  Maurice (D:9)
  A yak (D:9)
  2 wyverns
  Edmund (D:6)
  An ice beast (D:6)
  2 ogres
  A hornet zombie (D:6)
  2 bullfrogs
  3 killer bees
  A crimson imp (D:10)
  A quasit (D:5)
  2 hounds
  3 orc wizards
  A centaur skeleton (D:5)
  4 worker ants
  3 orcs
  A bat (D:9)
  2 jackals
  A jackal skeleton (D:5)
  2 rats (Sewer)
35 creatures vanquished.

Vanquished Creatures (others)
  4 battlemagi
  7 ancestors
  A spectral weapon (D:10)
12 creatures vanquished.

Grand Total: 271 creatures vanquished

Notes
Turn   | Place    | Note
-------+----------+-------------------------------------------
     0 | D:1      | Mesmaeker13 the Draconian Skald began the quest for the Orb.
     0 | D:1      | Reached XP level 1. HP: 17/17 MP: 3/3
   335 | D:1      | Reached XP level 2. HP: 24/24 MP: 5/5
   780 | D:2      | Learned a level 2 spell: Shroud of Golubria
  1611 | D:2      | Reached XP level 3. HP: 29/29 MP: 6/6
  1901 | D:2      | Found a sacrificial altar of Ru.
  2807 | D:3      | Learned a level 2 spell: Song of Slaying
  3040 | D:3      | Reached skill level 3 in Long Blades
  3159 | D:3      | Reached XP level 4. HP: 36/36 MP: 7/7
  3488 | D:4      | Found an ancient bone altar of Kikubaaqudgha.
  3619 | D:4      | Reached XP level 5. HP: 41/41 MP: 0/8
  3769 | D:4      | Noticed Ijyb
  3788 | D:4      | Killed Ijyb
  4002 | D:4      | Reached skill level 4 in Long Blades
  4246 | D:4      | Reached XP level 6. HP: 48/48 MP: 9/9
  4819 | D:5      | Entered Level 5 of the Dungeon
  4962 | D:5      | Found a staircase to the Ecumenical Temple.
  5015 | Temple   | Entered the Ecumenical Temple
  5065 | Temple   | Became a worshipper of Hepliaklqana the Forgotten
  5203 | D:5      | Your scales start taking on a golden yellow colour.
  5203 | D:5      | Reached XP level 7. HP: 22/49 MP: 0/10
  5298 | D:5      | Noticed manyhoops's ghost (novice DgAE)
  5359 | D:6      | Found Hacudy's Jewellery Shoppe.
  5425 | D:6      | Reached skill level 5 in Charms
  5473 | D:6      | Reached skill level 5 in Long Blades
  5521 | D:6      | Noticed Edmund
  5538 | D:6      | Killed Edmund
  5538 | D:6      | Reached skill level 1 in Translocations
  5780 | D:6      | Found Roasagg's Armour Emporium.
  5783 | D:6      | Bought a +0 pair of boots for 63 gold pieces
  5937 | D:6      | Found a glowing drain.
  5968 | Sewer    | Entered a sewer
  5976 | Sewer    | Reached skill level 5 in Dodging
  5988 | Sewer    | Learned a level 3 spell: Spectral Weapon
  6176 | Sewer    | Reached XP level 8. HP: 41/54 MP: 9/11
  6274 | Sewer    | Found a glowing silver altar of Zin.
  6373 | D:6      | Reached skill level 1 in Hexes
  6500 | D:6      | Found Uteimye's Food Emporium.
  6676 | D:6      | Reached * piety under Hepliaklqana
  6770 | D:7      | Reached skill level 6 in Long Blades
  6882 | D:7      | Found Luzxaor's Jewellery Boutique.
  7930 | D:8      | Noticed a two-headed ogre
  7942 | D:8      | Killed a two-headed ogre
  7942 | D:8      | Reached skill level 7 in Long Blades
  7942 | D:8      | Reached XP level 9. HP: 38/60 MP: 4/12
  8260 | D:8      | Noticed a four-headed hydra
  8339 | D:8      | Found a stormy altar of Qazlal.
  8342 | D:8      | Found a snail-covered altar of Cheibriados.
  8342 | D:8      | Found a glowing silver altar of Zin.
  8342 | D:8      | Found a radiant altar of Vehumet.
  8369 | D:8      | Found a shimmering altar of Xom.
  8369 | D:8      | Found an opulent altar of Gozag.
  8370 | D:8      | Found a shattered altar of Ashenzari.
  9035 | D:7      | Learned a level 3 spell: Regeneration
  9519 | D:7      | Reached skill level 5 in Hexes
  9519 | D:7      | Reached XP level 10. HP: 66/69 MP: 8/13
  9966 | D:6      | Reached skill level 8 in Long Blades
 10119 | D:5      | Noticed Grinder
 10124 | D:5      | Killed Grinder
 10277 | D:5      | Reached ** piety under Hepliaklqana
 10290 | D:5      | Remembered your ancestor Kendra as a battlemage
 10659 | D:5      | Killed manyhoops's ghost
 10744 | D:8      | Found Xuuneow's Weapon Emporium.
 10800 | D:9      | Noticed Maurice
 10817 | D:9      | Killed Maurice
 11309 | D:9      | Reached skill level 5 in Fighting
 11562 | D:9      | Found a staircase to the Lair.
 11636 | D:9      | Reached XP level 11. HP: 70/79 MP: 9/14
 11722 | D:9      | Found a shimmering altar of Xom.
 11960 | D:10     | Entered Level 10 of the Dungeon
 12160 | D:10     | Reached skill level 9 in Long Blades
 12267 | D:10     | Noticed Snorg
 12295 | D:10     | Slain by Snorg

Skill      XL: |  1  2  3  4  5  6  7  8  9 10 11 |
---------------+----------------------------------+-----
Charms         | 3 4 5 6 7 8 |  8.3
Long Blades    | 3 4 5 7 8 9 |  9.0
Dodging        | 3 4 5 6 7 8 |  8.0
Translocations | 2 4 |  4.0
Hexes          | 3 5 |  5.1
Fighting       | 3 5 |  5.7
Spellcasting   | |  2.0
Necromancy     | |  0.8

Action                   |  1- 3 |  4- 6 |  7- 9 | 10-12 || total
-------------------------+-------+-------+-------+-------++-------
Melee: Falchion          |    40 |    67 |   140 |       ||   247
       Tailslap          |    11 |    27 |    50 |    36 ||   124
       Dagger            |   100 |   122 |   108 |       ||   330
       Long sword        |       |       |   136 |   213 ||   349
Throw: Tomahawk          |       |     2 |       |       ||     2
 Cast: Infusion          |     5 |    11 |    21 |     7 ||    44
       Shroud of Golubri |     5 |    17 |    39 |    17 ||    78
       Spectral Weapon   |       |       |     5 |     8 ||    13
       Regeneration      |       |       |     3 |     3 ||     6
       Song of Slaying   |       |       |     3 |       ||     3
Invok: Recall Ancestor   |       |       |     3 |     1 ||     4
       Ancestor Identity |       |       |     1 |       ||     1
       Ancestor Life: Ba |       |       |       |     1 ||     1
 Abil: Breathe Acid      |       |       |     6 |     3 ||     9
Evoke: Wand              |       |     5 |       |       ||     5
  Use: Scroll            |     5 |     5 |     3 |     4 ||    17
       Potion            |       |       |     4 |     1 ||     5
 Stab: Sleeping          |       |       |     2 |       ||     2
       Distracted        |       |       |     1 |     4 ||     5
  Eat: Chunk             |     4 |     7 |    13 |    12 ||    36
       Bread ration      |     1 |       |       |       ||     1
       Fruit             |       |     1 |     3 |       ||     4
       Meat ration       |       |       |     1 |       ||     1
       Royal jelly       |       |       |     1 |       ||     1
Armor: Skin              |    33 |    38 |    97 |    52 ||   220
Dodge: Dodged            |    87 |   113 |   298 |   182 ||   680
       Rpst.: Falchion   |    12 |    19 |    39 |       ||    70
       Long sword        |       |       |    35 |    41 ||    76
